[Event "Late-Titled-Tuesday-Blitz-July-09-2024"]
[Site "Chess.com"]
[Date "2024.07.09"]
[Round "2"]
[White "m_ezat"]
[Black "Oleksandr_Bortnyk"]
[Result "0-1"]
[WhiteElo "2647"]
[BlackElo "3053"]
[TimeControl "180+1"]
[EndTime "14:17:29 PDT"]
[Termination "Oleksandr_Bortnyk won on time"]

1. d4 Nf6 2. c4 b6 3. Nc3 Bb7 4. a3 g6 5. Qc2 Bg7 6. e4 Nc6 7. Nf3 e5 8. dxe5 Ng4 9. Bg5 Qc8 10. Nd5 Ncxe5 11. Nxe5 Bxe5 12. h3 h6 13. Bd2 Bxd5 14.
exd5 Nf6 15. Bc3 Bxc3+ 16. Qxc3 Qd8 17. O-O-O O-O 18. Bd3 d6 19. g4 b5 20. f4 bxc4 21.
Bc2 Nd7 22. h4 Qf6 23. Qxc4 Rab8 24. Qd4 Rfe8 25. g5 Qxd4 26. Rxd4 h5 27. f5 Re2 28.
fxg6 fxg6 29. Bxg6 Rbxb2 30. Rf1 Ne5 31. Bb1 Rb3 32.
Rb4 Rxa3 33. Rb8+ Kg7 34. Rc8 Rc3+ 35. Kd1 Rb2 36. Rb8 Rxb8 37. Bc2 Rb2 0-1

[Event "Late-Titled-Tuesday-Blitz-July-09-2024"]
[Site "Chess.com"]
[Date "2024.07.09"]
[Round "2"]
[White "KChor05"]
[Black "Bauman_Guy"]
[Result "0-1"]
[WhiteElo "2613"]
[BlackElo "2935"]
[TimeControl "180+1"]
[EndTime "14:17:29 PDT"]
[Termination "Bauman_Guy won by resignation"]

1. e4 c5 2. Nf3 d6 3. d4 Nf6 4.
Nc3 cxd4 5. Nxd4 a6 6. Be2 e5 7. Nb3 Be7 8. Be3 Be6 9. Nd5 Bxd5 10. exd5 Nbd7 11. Qd2 O-O 12. Na5 Qc7 13. c4 Rfe8 14. O-O Bf8 15. b4 b6 16. Nc6 Nb8 17. b5 a5 18. f4 exf4 19. Rxf4 Nbd7 20. Raf1 Re4 21. Bd4 Rae8 22. Bd3 Rxf4 23. Qxf4 Ne5 24. Bc2 Nfd7 25. Qh4 g6 26. Bc3 Nc5 27. Re1 Bg7 28. Qg3 Ncd7 29.
h4 h5 30. Bd4 Qc8 31. Qf2 Ng4 32. Rxe8+ Qxe8 33. Qd2 Bxd4+ 34. Nxd4 Qe5 35. Nf3 Qa1+ 36. Bd1 Nde5 37. Nd4 Nxc4 38. Qf2 Nxf2 0-1

[Event "Late-Titled-Tuesday-Blitz-July-09-2024"]
[Site "Chess.com"]
[Date "2024.07.09"]
[Round "2"]
[White "Zorbos"]
[Black "flaviorcb"]
[Result "1-0"]
[WhiteElo "2685"]
[BlackElo "2184"]
[TimeControl "180+1"]
[EndTime "14:17:29 PDT"]
[Termination "Zorbos won by resignation"]

1. e4 c5 2. Nf3 g6 3. h4 h5 4.
d4 cxd4 5. Nxd4 Nc6 6. c4 Nf6 7. Nc3 Nxd4 8. Qxd4 Bg7 9. Be3 d6 10. f3 Be6 11. O-O-O O-O 12. Qd2 Qa5 13. Kb1 Rfc8 14. Nd5 Qxd2 15. Rxd2 Nxd5 16. cxd5 Bd7 17. Be2 a6 18. g4 hxg4 19. fxg4 Be5 20. h5 gxh5 21.
gxh5 Kh7 22. Bd4 Bxd4 23. Rxd4 Rg8 24. Rd3 Rac8 25. Rb3 Rc7 26. Rf3 f6 27. Bd3 Rg2 28.
e5+ f5 29. e6 Be8 30. Rxf5 Kh6 31. Rf8 Rc8 32. Bg6 Bd7 33. Rf7 Bb5 34. Rxe7 Be2 35. Rxb7 Bf3 36. Rh7+ Kg5 37. e7 Bxd5 38. Ka1 Bc6 39. Rc1 1-0

[Event "Late-Titled-Tuesday-Blitz-July-09-2024"]
[Site "Chess.com"]
[Date "2024.07.09"]
[Round "2"]
[White "Gyulamiryan-koryun"]
[Black "NajdorfPlayerc5"]
[Result "0-1"]
[WhiteElo "1916"]
[BlackElo "2422"]
[TimeControl "180+1"]
[EndTime "14:17:30 PDT"]
[Termination "NajdorfPlayerc5 won on time"]

1. e4 c6 2. Nc3 d5 3. Nf3 dxe4 4. Nxe4 Nf6 5. Ng3 h5 6. h4 Bg4 7. Be2 Nbd7 8. d4 e6 9. c3 Bd6 10. Bg5 Qc7 11. Nf1 O-O-O 12. b4 e5 13. Ne3 Bxf3 14. Bxf3 exd4 15. Qxd4 Ne5 16. Qxa7 Nd3+ 17. Kf1 Be5 18. Nc4 Qb8 19. Qxb8+ Kxb8 20. Nxe5 Nxe5 21. Bf4 Nd7 0-1

[Event "Late-Titled-Tuesday-Blitz-July-09-2024"]
[Site "Chess.com"]
[Date "2024.07.09"]
[Round "2"]
[White "SimplyDevina"]
[Black "WildTricks"]
[Result "0-1"]
[WhiteElo "2362"]
[BlackElo "2710"]
[TimeControl "180+1"]
[EndTime "14:17:31 PDT"]
[Termination "WildTricks won by resignation"]

1. d4 Nf6 2. c4 e6 3. Nc3 Bb4 4. Nf3 b6 5. Qc2 Bb7 6. Bg5 h6 7. Bxf6 Qxf6 8. e4 Nc6 9. Rd1 e5 10. d5 Nd4 11. Qd3 Nxf3+ 12. gxf3 O-O 13. a3 Bc5 14. b4 Be7 15. Bh3 a5 16. b5 Bxa3 17. Bxd7 Bc5 18. Rg1 a4 19. Ke2 a3 20.
Na2 Rfd8 21. Bf5 c6 22. Rg2 cxb5 23. cxb5 Kh8 24. Rdg1 Bf8 25. Qd2 Bxd5 26. exd5 Qxf5 27. Nb4 e4 28. f4 Qh5+ 29. Ke1 a2 30. Nxa2 Rxa2 31. Qxa2 Bb4+ 32. Qd2 Bxd2+ 33. Kxd2 Qxd5+ 0-1

[Event "Late-Titled-Tuesday-Blitz-July-09-2024"]
[Site "Chess.com"]
[Date "2024.07.09"]
[Round "2"]
[White "Nekoo04"]
[Black "AlexTruskavetsky"]
[Result "0-1"]
[WhiteElo "2391"]
[BlackElo "2684"]
[TimeControl "180+1"]
[EndTime "14:17:31 PDT"]
[Termination "AlexTruskavetsky won by resignation"]

1. Nf3 Nf6 2. c4 g6 3. b4 Bg7 4.
Bb2 O-O 5. g3 d6 6. Bg2 e5 7. d3 Nc6 8. b5 Ne7 9. O-O h6 10. Nbd2 Nd7 11. Re1 a5 12. a4 Rb8 13.
Qc2 b6 14. e4 Nc5 15. d4 exd4 16. Bxd4 g5 17. Bxg7 Kxg7 18. Qc3+ f6 19. Nd4 Bd7 20.
Nf1 Ne6 21. Ne3 Nxd4 22. Qxd4 Ng6 23. Rf1 g4 24. f3 gxf3 25. Bxf3 Ne5 26. Bh5 Be6 27.
Rf2 c6 28. Rd1 cxb5 29. cxb5 Bh3 30. g4 Qd7 31. Nf5+ Kh8 32. Nxh6 Rg8 33. Qe3 Bxg4 34. Bxg4 Nxg4 35. Qh3 Nxh6+ 0-1

[Event "Late-Titled-Tuesday-Blitz-July-09-2024"]
[Site "Chess.com"]
[Date "2024.07.09"]
[Round "2"]
[White "FloMasterAAK"]
[Black "Andreikka"]
[Result "1/2-1/2"]
[WhiteElo "2645"]
[BlackElo "3003"]
[TimeControl "180+1"]
[EndTime "14:17:32 PDT"]
[Termination "Game drawn by repetition"]

1. e4 e5 2. Nf3 Nc6 3. d4 exd4 4.
Nxd4 Nf6 5. Nxc6 bxc6 6. e5 Qe7 7. Qe2 Nd5 8. h4 d6 9. c4 Nb6 10. exd6 cxd6 11. Be3 d5 12. Nd2 dxc4 13. g3 Be6 14.
Bg2 Qd7 15. O-O Be7 16. Bxb6 axb6 17. Nxc4 Qc7 18. Ne5 O-O 19. Nxc6 Bf6 20. a3 Rfe8 21. Rac1 Rac8 22. b4 h6 23. Rfe1 Qd7 24. Red1 Qc7 25. Qd2 Bg4 26. Re1 Be6 27. Red1 Bg4 28. Re1 Be6 29.
a4 Qb7 30. b5 Qc7 31. Red1 Bg4 32. Re1 Be6 33. Red1 Bg4 34. Re1 Be6 1/2-1/2

[Event "Late-Titled-Tuesday-Blitz-July-09-2024"]
[Site "Chess.com"]
[Date "2024.07.09"]
[Round "2"]
[White "Gzucaritas"]
[Black "Lector118"]
[Result "0-1"]
[WhiteElo "2069"]
[BlackElo "2674"]
[TimeControl "180+1"]
[EndTime "14:17:33 PDT"]
[Termination "Lector118 won by checkmate"]

1. e4 c5 2. Nf3 Nc6 3. Bb5 Na5 4. O-O a6 5. Be2 e6 6. Nc3 d6 7. d4 cxd4 8. Nxd4 Nf6 9. Be3 Qc7 10. Qd3 Be7 11.
b4 Nc6 12. a3 Ne5 13. Qd2 Nc4 14. Bxc4 Qxc4 15. f3 O-O 16. Na4 Qc7 17. c4 Bd7 18. Nb2 Rfe8 19. Rac1 Rad8 20. Rfd1 Qb8 21. Qf2 Bf8 22. Nd3 Rc8 23. Nb3 Bc6 24. c5 dxc5 25. Ndxc5 Red8 26. Qe1 Qa8 27. Na5 h6 28. Rxd8 Rxd8 29.
Nxc6 bxc6 30. Qe2 a5 31. Qc4 axb4 32. axb4 Qa3 33. Qc3 Rd1+ 34. Kf2 Qa2+ 35. Rc2 Qb1 36. Rd2 Rf1+ 37. Kg3 Qe1+ 38. Kh3 g5 39. Qxf6 Qh4# 0-1

[Event "Late-Titled-Tuesday-Blitz-July-09-2024"]
[Site "Chess.com"]
[Date "2024.07.09"]
[Round "2"]
[White "domithebest"]
[Black "Fraler15"]
[Result "1/2-1/2"]
[WhiteElo "2534"]
[BlackElo "2343"]
[TimeControl "180+1"]
[EndTime "14:17:33 PDT"]
[Termination "Game drawn by repetition"]

1. d4 d5 2. Bf4 Nf6 3. e3 c5 4. c3 Nc6 5. Nd2 cxd4 6. exd4 Bf5 7. Ngf3 e6 8. Qb3 Qb6 9. Qxb6 axb6 10. a3 h6 11. Bb5 Nd7 12. Ne5 Ndxe5 13. Bxe5 f6 14. Bg3 Kd7 15. O-O Bd6 16. Bxd6 Kxd6 17. f4 g5 18. Rae1 g4 19. Re3 h5 20. Bd3 Bxd3 21.
Rxd3 f5 22. Re3 Rae8 23. Nb3 Na5 24. Nxa5 bxa5 25. Kf2 b5 26. Kg3 h4+ 27. Kf2 Rh7 28. Ke2 Rc7 29. Kd3 b4 30. axb4 axb4 31. Ra1 bxc3 32.
Ra6+ Rc6 33. Rxc6+ Kxc6 34. Kxc3 Kd6 35. b3 Rc8+ 36. Kb2 Rb8 37. g3 h3 38. Re1 Rb7 39. Ra1 Kd7 40. Ra4 Rc7 41. Rb4 Rc6 42. Rb7+ Kd6 43. Rb5 Rc8 44. Rb6+ Kd7 45. Ra6 Rc7 46. Ra1 Kd6 47. Rc1 Rb7 48. Rc5 Ra7 49. b4 Ra4 50. Kb3 Ra1 51. b5 Rb1+ 52. Ka4 Ra1+ 53.
Kb4 Rb1+ 54. Ka5 Ra1+ 55. Kb6 Ra2 56. Rc6+ Kd7 57. Rc7+ Kd6 58. Rc6+ Kd7 59. Rc7+ Kd6 60. Rc6+ 1/2-1/2

[Event "Late-Titled-Tuesday-Blitz-July-09-2024"]
[Site "Chess.com"]
[Date "2024.07.09"]
[Round "2"]
[White "Seppppppy"]
[Black "ChessSwole"]
[Result "0-1"]
[WhiteElo "2284"]
[BlackElo "2694"]
[TimeControl "180+1"]
[EndTime "14:17:35 PDT"]
[Termination "ChessSwole won by checkmate"]

1. e4 e6 2. d4 d5 3. e5 c5 4.
c3 Nc6 5. Nf3 Qb6 6. Be2 cxd4 7.
cxd4 Nh6 8. Bxh6 Qxb2 9. Bd2 Qxa1 10. Qb3 a5 11. Bc3 a4 12. Qc2 Nb4 13. Bb5+ Bd7 14. Bxd7+ Kxd7 15. Bxb4 Bxb4+ 16. Ke2 Rhc8 17. Qd3 Qxa2+ 18.
Nbd2 Rc4 19. Ke3 Rc3 20. Rb1 Rxd3+ 21. Kxd3 Qa3+ 22. Ke2 Rc8 23. g3 Rc2 24. Kd1 Rxd2+ 25. Nxd2 Bxd2 26. Kxd2 Qa2+ 27. Kc1 Kc6 28. Rb2 Qa1+ 29.
Kc2 b5 30. Rb4 Qa2+ 31. Kc1 Qa3+ 32. Rb2 b4 33. Kb1 Kb5 34. Kc2 Qc3+ 35. Kb1 a3 36. Rc2 Qb3+ 37. Kc1 a2 38. Rxa2 Qxa2 39. Kd1 b3 40. Ke1 b2 41. Kf1 b1=Q+ 42. Kg2 Qe4+ 43. Kh3 Qae2 44. g4 Q2xg4# 0-1

[Event "Late-Titled-Tuesday-Blitz-July-09-2024"]
[Site "Chess.com"]
[Date "2024.07.09"]
[Round "2"]
[White "VirtualCoach"]
[Black "VacheH009"]
[Result "0-1"]
[WhiteElo "2316"]
[BlackElo "2517"]
[TimeControl "180+1"]
[EndTime "14:17:37 PDT"]
[Termination "VacheH009 won by resignation"]

1. e4 e5 2. Nf3 Nc6 3. Bb5 a6 4.
Ba4 Nf6 5. O-O b5 6. Bb3 Bc5 7. d3 h6 8. h3 d6 9. Re1 O-O 10.
c3 Bb6 11. Nbd2 Ne7 12. Nf1 Ng6 13. Ng3 Re8 14. d4 Bb7 15. Bc2 a5 16. Bd3 b4 17.
Bd2 bxc3 18. bxc3 Bc6 19. d5 Bd7 20. c4 Qb8 21. Rb1 Qa7 22. Qe2 Rab8 23. Be3 Bxe3 24. Qxe3 Qxe3 25. fxe3 Ba4 26. Nd2 Nd7 27. Nb3 Ra8 28. Rf1 Reb8 29. Nf5 Kf8 30. h4 Ne7 31. Ng3 Rb4 32. Rf2 Bxb3 33. axb3 Nc5 34. Bc2 Ng8 35. Nh5 g6 36. Ng3 h5 37. Rbf1 Nh6 38. Rf6 Kg7 39. R6f2 Nxb3 40. Rb1 Nc5 41. Ra1 Rxc4 42.
Bd1 Nxe4 43. Nxe4 Rxe4 44. Bf3 Rxe3 45. Rfa2 e4 46. Bd1 Nf5 47. Kf2 Rd3 48. Rxa5 Rxa5 49. Rxa5 Rxd1 0-1

[Event "Late-Titled-Tuesday-Blitz-July-09-2024"]
[Site "Chess.com"]
[Date "2024.07.09"]
[Round "2"]
[White "tgpgoat"]
[Black "HouseOfDurin"]
[Result "1-0"]
[WhiteElo "2508"]
[BlackElo "2284"]
[TimeControl "180+1"]
[EndTime "14:17:37 PDT"]
[Termination "tgpgoat won on time"]

1. Nf3 c5 2. b3 Nc6 3. Bb2 d6 4. e3 e5 5. Bb5 Bd7 6. d4 cxd4 7. exd4 e4 8. Nfd2 d5 9. O-O Nf6 10. c4 a6 11. cxd5 axb5 12. dxc6 Bxc6 13. Nc3 Qxd4 14. Ndxe4 Qxd1 15. Nxf6+ gxf6 16. Raxd1 Ba3 17. Ba1 Kf8 18.
Ne2 Kg7 19. Ng3 Kg6 20. h4 h5 21. Rfe1 Rhe8 22. Ne2 Bb4 23. Nf4+ Kf5 24. Rxe8 Bxe8 25. Nxh5 Rxa2 26. Bxf6 Kg6 27. g4 Bc5 28. Bd4 b6 29. Nf4+ Kh7 30. Nd5 Bc6 31. Nxb6 Bxd4 32. Rxd4 Ra1+ 33.
Kh2 Rh1+ 34. Kg3 Rg1+ 35. Kf4 Rf1 36. Rd2 Rg1 37. Nc8 Rb1 38. Ne7 Bg2 39. Rd3 Bf1 40. Re3 Rb2 41. f3 1-0

[Event "Late-Titled-Tuesday-Blitz-July-09-2024"]
[Site "Chess.com"]
[Date "2024.07.09"]
[Round "2"]
[White "Sondremelaa"]
[Black "temus_galaktionov"]
[Result "0-1"]
[WhiteElo "2552"]
[BlackElo "2841"]
[TimeControl "180+1"]
[EndTime "14:17:41 PDT"]
[Termination "temus_galaktionov won by resignation"]

1. d4 c6 2. Bf4 g6 3. e3 Bg7 4. Nf3 d6 5. h3 Nd7 6. Be2 e5 7. Bh2 Qe7 8. O-O Ngf6 9. c4 O-O 10. Nc3 Re8 11. c5 dxc5 12. dxe5 Nd5 13. Nxd5 cxd5 14.
Qxd5 Nxe5 15. Rac1 Nxf3+ 16. Bxf3 Bxb2 17. Rc2 Bg7 18. Qxc5 Bf5 19. Qxe7 Rxe7 20. Rc5 Rd8 21. Rfc1 h5 22.
Bf4 b6 23. Rc7 Rxc7 24. Rxc7 Rd7 25. Rxd7 Bxd7 26. Bb8 a6 27. Bc7 Be6 28. Bb7 a5 29. a3 Bf8 30. Bxb6 a4 31. Bd4 Bxa3 32. Kf1 Bc4+ 33.
Ke1 Bb4+ 34. Kd1 Kf8 35. Kc2 Ke7 36. Bc6 a3 37. Ba4 Bf1 38. Bc6 Kd6 39. Bf3 Bc4 40.
Kb1 Be1 41. e4 Ke6 42. g3 Bb4 43. Kc2 Bd6 44. Be2 Bxe2 0-1

[Event "Late-Titled-Tuesday-Blitz-July-09-2024"]
[Site "Chess.com"]
[Date "2024.07.09"]
[Round "2"]
[White "betta2004"]
[Black "SandwichOSaumon"]
[Result "1-0"]
[WhiteElo "2516"]
[BlackElo "2302"]
[TimeControl "180+1"]
[EndTime "14:17:41 PDT"]
[Termination "betta2004 won on time"]

1. d4 Nf6 2. Nf3 e6 3. b3 b6 4.
Bb2 Bb7 5. e3 d6 6. Nbd2 Nbd7 7.
Bd3 Be7 8. O-O c5 9. c4 Rc8 10. Qe2 O-O 11. e4 cxd4 12. Nxd4 Nc5 13. Bc2 d5 14. e5 Nfe4 15. Nxe4 Nxe4 16. Bxe4 dxe4 17.
Rfd1 Qc7 18. Nb5 Qb8 19. Nd6 Bxd6 20. exd6 Rcd8 21. Qg4 g6 22. Qg5 f6 23. Bxf6 Rxd6 24. Rxd6 Qxd6 25. Be7 Qd4 26. Rf1 Rf5 27. Qg3 Qd7 28. Bb4 Qf7 29. Qb8+ Kg7 30. Bc3+ Kh6 31. Qg3 g5 32. Re1 Kg6 33. h4 h5 34. Rd1 g4 35.
Rd8 Qe7 36. Rg8+ Kh7 37. Rg7+ Qxg7 38. Bxg7 Kxg7 39. Qc7+ Rf7 40. Qe5+ Kg6 41. Qxe6+ Rf6 42. Qe8+ Kf5 43. Qd7+ Kf4 44. Qxb7 e3 45. Qc7+ Ke4 46. Qe7+ 1-0

[Event "Late-Titled-Tuesday-Blitz-July-09-2024"]
[Site "Chess.com"]
[Date "2024.07.09"]
[Round "2"]
[White "SoCalJuniorChess"]
[Black "Dexter_Dyke"]
[Result "0-1"]
[WhiteElo "2276"]
[BlackElo "2497"]
[TimeControl "180+1"]
[EndTime "14:17:41 PDT"]
[Termination "Dexter_Dyke won on time"]

1. d4 Nf6 2. Nc3 d5 3. Bf4 a6 4. e3 c5 5. dxc5 Nc6 6. Nf3 Bg4 7. Na4 e5 8. Bg3 e4 9. Nb6 Ra7 10. Na4 exf3 11. gxf3 Be6 12. c3 Be7 13. b4 O-O 14. a3 Nh5 15. Nb6 Bf6 16. Qc2 a5 17. Bd3 axb4 18.
O-O Nxg3 19. fxg3 Bxc3 20. Rad1 Rxa3 21. Bxh7+ Kh8 22. Nc4 Ra6 23. Nd6 d4 24. Qe4 Qe7 25. exd4 Bb3 26. Qf5 g6 27. Bxg6 fxg6 28. Qxg6 Nxd4 29.
Rfe1 Nxf3+ 30. Kh1 Nxe1 31. Qh6+ Kg8 0-1

[Event "Late-Titled-Tuesday-Blitz-July-09-2024"]
[Site "Chess.com"]
[Date "2024.07.09"]
[Round "2"]
[White "Mbneu"]
[Black "ACollins05"]
[Result "0-1"]
[WhiteElo "2251"]
[BlackElo "2486"]
[TimeControl "180+1"]
[EndTime "14:17:41 PDT"]
[Termination "ACollins05 won on time"]

1. d4 b5 2. e4 a6 3. Bd3 Bb7 4. c3 e6 5. f4 c5 6. Nf3 Nf6 7. Nbd2 d6 8. O-O Be7 9. f5 exf5 10. e5 dxe5 11. Nxe5 g6 12. Ndf3 cxd4 13. Bh6 Nc6 14. a4 Nxe5 15. Nxe5 Qd5 16. Nf3 dxc3 17. axb5 cxb2 18.
Rxa6 Bxa6 19. bxa6 Ng4 20. Bg7 Rg8 21. Bxb2 Kf8 22.
Qe2 Re8 23. Kh1 Bf6 24. Qc2 Bxb2 25. Bc4 Qc5 26. Qxb2 Qxc4 27. Rc1 Qxa6 28. Ng5 Nf6 29. h3 Kg7 0-1

[Event "Late-Titled-Tuesday-Blitz-July-09-2024"]
[Site "Chess.com"]
[Date "2024.07.09"]
[Round "2"]
[White "Sek_Konstantin"]
[Black "urano56"]
[Result "1-0"]
[WhiteElo "2720"]
[BlackElo "2413"]
[TimeControl "180+1"]
[EndTime "14:17:42 PDT"]
[Termination "Sek_Konstantin won by resignation"]

1. e4 e6 2. d4 d5 3. Nd2 c5 4. c3 Nc6 5. Ngf3 dxe4 6. Nxe4 cxd4 7. cxd4 Nf6 8. Nxf6+ gxf6 9. Bd3 h5 10. O-O h4 11. Re1 h3 12. g3 Be7 13. Be4 f5 14. Bxc6+ bxc6 15. Bf4 c5 16. dxc5 Qxd1 17. Rexd1 Bxc5 18. Rac1 Bb6 19. Bd6 Bb7 20. Ne5 Rc8 21. Rxc8+ Bxc8 22. b4 Rg8 23. a4 f6 24. Nc4 Bd8 25.
Bc5 Be7 26. f4 Bd7 27. Nd6+ Bxd6 28. Rxd6 Bxa4 29. Rxe6+ Kd7 30. Ra6 Bb5 31. Rxa7+ Kc6 32.
Rf7 Bd3 33. Rxf6+ Kb5 34. Rd6 Be4 35. Kf2 Ra8 36. Rd2 Ra3 37. Be3 Ra1 38. Bc5 Rh1 39.
Ke3 Kc4 40. g4 Re1+ 41. Kf2 Rh1 42. Kg3 Rg1+ 43. Bxg1 1-0

[Event "Late-Titled-Tuesday-Blitz-July-09-2024"]
[Site "Chess.com"]
[Date "2024.07.09"]
[Round "2"]
[White "BreatheChessAlways"]
[Black "GMG"]
[Result "1-0"]
[WhiteElo "2542"]
[BlackElo "2783"]
[TimeControl "180+1"]
[EndTime "14:17:43 PDT"]
[Termination "BreatheChessAlways won on time"]

1. d4 d5 2. Bf4 c5 3. e3 Nc6 4.
Nf3 cxd4 5. exd4 Bg4 6. c3 e6 7. Be2 Bd6 8. Bg3 Nge7 9. O-O Bxg3 10. hxg3 Bxf3 11. gxf3 h5 12. Kg2 h4 13. Rh1 Nf5 14.
g4 Nd6 15. Nd2 Qg5 16. Nf1 Ne7 17. Ne3 Ng6 18. Qa4+ Ke7 19. Kf1 h3 20. Qb4 Nf4 21. c4 a5 22. Qb6 Nxc4 23. Bxc4 dxc4 24. Qxb7+ Kf6 25. Nxc4 Qd5 26. Qxd5 exd5 27. Ne3 Rab8 28. Rb1 Rb4 29. Kg1 Rxd4 30. Kh2 Rd2 31. Rhd1 Rxd1 32. Rxd1 Ke5 33. Re1 Rb8 34. Ng2+ Kd6 35. Nxf4 Rxb2 36. Kg3 Rxa2 37. Rd1 h2 38. Kxh2 Rxf2+ 39. Kg3 Ra2 40. Rxd5+ Kc6 41. Rd1 a4 42. Rc1+ Kb5 43. Nd5 Ra3 44.
Nc7+ Kb6 45. Nd5+ Kb5 46. Kf4 Rb3 47. Ke4 a3 48. f4 a2 49. Ra1 Ra3 50. Rxa2 Rxa2 51.
Nc3+ 1-0

[Event "Late-Titled-Tuesday-Blitz-July-09-2024"]
[Site "Chess.com"]
[Date "2024.07.09"]
[Round "2"]
[White "PNEPaul"]
[Black "JavierRuizVazquez"]
[Result "1/2-1/2"]
[WhiteElo "1890"]
[BlackElo "2412"]
[TimeControl "180+1"]
[EndTime "14:17:43 PDT"]
[Termination "Game drawn by agreement"]

1. e4 c6 2. d4 d5 3. Nc3 dxe4 4.
f3 exf3 5. Nxf3 Nf6 6. Bc4 e6 7.
O-O Be7 8. Ne5 O-O 9. Be3 Nbd7 10. Qe2 Nxe5 11. dxe5 Nd5 12. Nxd5 exd5 13. Bd3 g6 14. Rae1 Bg5 15. Bxg5 Qxg5 16. Rf6 Be6 17. Qf2 Rae8 18. Rf3 a6 19. Rg3 Qe7 20. Qf4 Kg7 21. Rf1 f6 22. h3 Bd7 23. exf6+ Rxf6 24. Qd4 Rf8 25. Rgf3 Qd6 26. Rxf6 Rxf6 27. Rxf6 Qxf6 28. Qb6 Kf7 29.
Qxb7 Ke7 30. Qb4+ Qd6 31. Qxd6+ Kxd6 32. Bxa6 c5 33. Be2 Bf5 34. c3 d4 35. cxd4 cxd4 36. Kf2 Kc5 37. Ke1 d3 38. Bf3 Kd4 39. Kd2 Be6 40. a3 Bb3 41. Bc6 g5 42. Bf3 h6 43.
Bc6 1/2-1/2

[Event "Late-Titled-Tuesday-Blitz-July-09-2024"]
[Site "Chess.com"]
[Date "2024.07.09"]
[Round "2"]
[White "Nbk90"]
[Black "Schattman"]
[Result "0-1"]
[WhiteElo "2265"]
[BlackElo "2491"]
[TimeControl "180+1"]
[EndTime "14:17:45 PDT"]
[Termination "Schattman won by resignation"]

1. e4 c6 2. d4 d5 3. Nc3 dxe4 4. Nxe4 Bf5 5. Ng3 Bg6 6. h4 h6 7. Nf3 e6 8. Ne5 Bh7 9. c3 Nd7 10. f4 Ne7 11. Bd3 Bxd3 12. Qxd3 h5 13. Bd2 g6 14.
O-O-O Nxe5 15. fxe5 Nf5 16. Nxf5 exf5 17. Rde1 Qd7 18.
Bg5 Be7 19. e6 fxe6 20. Qc4 Kf7 21. Re5 Rhe8 22. Bxe7 Rxe7 23. g4 hxg4 24. h5 g5 25. h6 Kg6 26. Qe2 Kh7 27. Qe3 Rg8 28. Rh5 Rg6 29. Rxg5 Rxg5 30. Qxg5 Rf7 31. Kc2 Qe7 32. Qe3 Rf6 33. Qg5 Qf7 34. b3 Rg6 35. Qh5 g3 36. Re1 Qf6 37. Qf3 Qg5 38. Re5 g2 0-1

[Event "Late-Titled-Tuesday-Blitz-July-09-2024"]
[Site "Chess.com"]
[Date "2024.07.09"]
[Round "2"]
[White "Hattori-Hanzo78"]
[Black "KaydenTroffChess"]
[Result "0-1"]
[WhiteElo "2578"]
[BlackElo "2881"]
[TimeControl "180+1"]
[EndTime "14:17:46 PDT"]
[Termination "KaydenTroffChess won by resignation"]

1. d4 Nf6 2. Nc3 d5 3. Bf4 g6 4. e3 Bg7 5. h4 h6 6. Nf3 c5 7. Be2 Qa5 8. a3 Ne4 9. O-O Nxc3 10.
bxc3 Qxc3 11. Rb1 cxd4 12. Nxd4 a6 13. Bb5+ Nd7 14. Bxd7+ Bxd7 15. Rxb7 e5 16. Qf3 exf4 17. Qxd5 O-O 18. Rxd7 fxe3 19. fxe3 Qxe3+ 20. Kh1 Qg3 21. Nf3 Rac8 22. c4 Qg4 23. c5 Rxc5 24. Qxc5 Qxd7 25.
Qb6 Qd3 26. Re1 Qxa3 27. Kh2 a5 28. Qa6 Qb4 29. Rd1 a4 30. Rd7 a3 31. Ra7 Bb2 32.
h5 Qf4+ 33. Kg1 gxh5 34. Qb5 Bd4+ 35. Kh1 Bxa7 36. Qxh5 a2 37. Qa5 Qc1+ 38. Kh2 a1=Q 0-1

[Event "Late-Titled-Tuesday-Blitz-July-09-2024"]
[Site "Chess.com"]
[Date "2024.07.09"]
[Round "2"]
[White "norwaytoadog"]
[Black "ncofre98"]
[Result "0-1"]
[WhiteElo "2338"]
[BlackElo "2551"]
[TimeControl "180+1"]
[EndTime "14:17:46 PDT"]
[Termination "ncofre98 won on time"]

1. e4 c5 2. Nf3 d6 3. Bb5+ Bd7 4.
Bxd7+ Nxd7 5. O-O Ngf6 6. Qe2 e6 7. b3 Be7 8. Bb2 Rc8 9. c4 O-O 10. d3 a6 11. Nc3 Qc7 12. Nd2 Ne5 13. f4 Nc6 14.
Nf3 Nd7 15. Nd1 Bf6 16. Ne3 b5 17. g4 Nd4 18. Nxd4 Bxd4 19. Bxd4 cxd4 20. Nc2 bxc4 21. bxc4 Qc5 22. Qf2 e5 23. f5 Rb8 24. Rab1 Qa5 25. g5 Rxb1 26. Rxb1 Qxa2 27. Ra1 Qb3 28. Qe2 Nc5 29.
Ra3 Qb1+ 30. Kf2 Rb8 31. Ra1 Qb3 32. Ra3 Qb2 33. f6 Rb3 34. Rxb3 Qxb3 35. Ne1 a5 36.
Qg4 Ne6 37. Nf3 Qxd3 38. fxg7 Qe3+ 39. Kg2 d3 40. h4 d2 41. Nxe5 dxe5 42. h5 Nf4+ 43.
Kh2 Qf2+ 44. Kh1 d1=Q+ 0-1

[Event "Late-Titled-Tuesday-Blitz-July-09-2024"]
[Site "Chess.com"]
[Date "2024.07.09"]
[Round "2"]
[White "Navyblue1"]
[Black "wild3000"]
[Result "0-1"]
[WhiteElo "2115"]
[BlackElo "2462"]
[TimeControl "180+1"]
[EndTime "14:17:48 PDT"]
[Termination "wild3000 won by resignation"]

1. d4 Nf6 2. c4 e6 3. Nf3 b6 4. g3 Bb7 5. Bg2 Bb4+ 6. Bd2 Bxd2+ 7.
Qxd2 O-O 8. Nc3 Ne4 9. Nxe4 Bxe4 10. O-O d6 11. Qf4 f5 12. Rfd1 Qf6 13. Qg5 Nd7 14. Qxf6 gxf6 15. Nh4 Bxg2 16. Nxg2 Kf7 17. Rac1 a5 18. Re1 Rg8 19. e4 fxe4 20. Rxe4 e5 21. dxe5 fxe5 22. f4 Rae8 23. Rf1 Nf6 24. fxe5 dxe5 25.
Ne3 Kg6 26. Rh4 h5 27. Nd5 Nxd5 28. cxd5 Rd8 29. Rc4 Rg7 30. Rc6+ Rd6 31. Rfc1 Kf5 32. Rxc7 Rxc7 33. Rxc7 Rxd5 34. Rc2 Ke4 35. Kf2 Kd3 36.
Re2 e4 37. Re3+ Kd4 38. Re2 Rf5+ 39. Ke1 e3 40. Rc2 Kd3 41. Rc3+ Ke4 42. Rc4+ Kf3 43. Rc3 Rd5 44. b3 Rd2 45. a3 Rxh2 0-1

[Event "Late-Titled-Tuesday-Blitz-July-09-2024"]
[Site "Chess.com"]
[Date "2024.07.09"]
[Round "2"]
[White "alexrustemov"]
[Black "GlavkonVVS"]
[Result "1-0"]
[WhiteElo "2882"]
[BlackElo "2581"]
[TimeControl "180+1"]
[EndTime "14:17:50 PDT"]
[Termination "alexrustemov won on time"]

1. d4 Nf6 2. Nf3 e6 3. Bg5 c5 4.
e3 Qb6 5. Qc1 Nc6 6. c3 Ne4 7.
Bh4 d5 8. Nbd2 Bd7 9. Bd3 f5 10. O-O Rc8 11. Rb1 cxd4 12. exd4 Bd6 13. Bg3 Nxg3 14. hxg3 O-O 15. Qd1 Qd8 16. Re1 Qf6 17. Bb5 g5 18. Bxc6 bxc6 19. Ne5 Be8 20. b4 Rc7 21.
Nb3 f4 22. Qe2 Re7 23. Nc5 h5 24. Ncd3 fxg3 25. fxg3 Qg7 26. Rf1 Rf5 27. g4 hxg4 28. Qxg4 Bg6 29. Rbe1 Rxf1+ 30. Rxf1 Bf5 31. Qh5 a6 32. a4 a5 33. bxa5 Ra7 34. Qe8+ Kh7 35. g4 Be4 36. Rf2 Bxe5 37. Nxe5 1-0

[Event "Late-Titled-Tuesday-Blitz-July-09-2024"]
[Site "Chess.com"]
[Date "2024.07.09"]
[Round "2"]
[White "Mattheii"]
[Black "mind1mover"]
[Result "0-1"]
[WhiteElo "2480"]
[BlackElo "2820"]
[TimeControl "180+1"]
[EndTime "14:17:50 PDT"]
[Termination "mind1mover won on time"]

1. c4 f5 2. d4 e6 3. Nc3 Nf6 4.
g3 d5 5. Bg2 Be7 6. Nh3 c6 7. O-O O-O 8. b3 a5 9. f3 c5 10. Be3 Nc6 11. cxd5 exd5 12. Nf4 g5 13. Nh3 h6 14. Kh1 Be6 15. Rc1 Rc8 16. Na4 c4 17. bxc4 dxc4 18. Nc3 Nb4 19. Bg1 Qd7 20. Nf2 Nfd5 21.
Nxd5 Nxd5 22. Qd2 c3 23. Qd3 Nb4 24. Qe3 Nxa2 25. Ra1 c2 26. Nd3 Bf6 27. f4 Bd5 28. fxg5 Bxg5 29. Qf2 Nc3 0-1

[Event "Late-Titled-Tuesday-Blitz-July-09-2024"]
[Site "Chess.com"]
[Date "2024.07.09"]
[Round "2"]
[White "SocoLoco"]
[Black "cthulhuuu"]
[Result "0-1"]
[WhiteElo "2107"]
[BlackElo "2458"]
[TimeControl "180+1"]
[EndTime "14:17:51 PDT"]
[Termination "cthulhuuu won on time"]

1. e4 d6 2. d4 Nf6 3. Nc3 c6 4. Nf3 Bg4 5. h3 Bh5 6. g4 Bg6 7. Bd3 e6 8. Bg5 Be7 9. Qd2 h6 10. Be3 d5 11. Ne5 Bxe4 12. Bxe4 Nxe4 13. Nxe4 dxe4 14.
O-O-O Nd7 15. Qe2 Nf6 16. g5 hxg5 17. Bxg5 Qa5 18. Kb1 Rd8 19. c3 Rd5 20. Bxf6 gxf6 21. Nc4 Qa6 22. Rde1 Rdh5 23. Nd2 Qxe2 24. Rxe2 f5 25. f3 exf3 26. Nxf3 Rxh3 27. Rf1 Bf6 28. Kc2 Rh1 29. Rff2 Kd7 30. Nd2 Rg1 31. Kb3 b5 32. a4 a6 33. axb5 axb5 34. Nf3 Rg3 35. Nd2 Bxd4 36.
Rf3 Rxf3 37. Nxf3 Bf6 38. Rd2+ Kc7 39. c4 Rh3 40. Rd3 e5 41. Nxe5 bxc4+ 42. Kxc4 Rh4+ 43. Rd4 Rxd4+ 44. Kxd4 Kd6 0-1